AoeStats
← Cyrusthegreat

Lombardia

508573755Analyzed
3v3 RM · 11d ago on Sep 23, 2026· 48m 33s· 6 players
Game mode
Random Map
Map size
Normal (6 player)
Population
200
Speed
Normal
Resources
Standard
Victory
Conquest
Starting age
Dark Age
Ending age
Imperial Age
RankedLock teamsTeams togetherTeam positionsShared explorationLock speedFull tech treeHidden civsTurbo modeCheats
Victory
Defeat
🇺🇸 Berbers · United States
622
+17
🇺🇸 Franks · United States
621
+17
🇨🇴 Burgundians · Colombia
611
+17
🇨🇴 Turks · Colombia
654
-33
🇨🇳 Franks · China
641
-17
🇦🇷 Danes · Argentina
605
-16
Big E
11:56 Feudal Age
10:16 Loom
13:17 Double-Bit Axe
18:27 Castle Age
17:24 Wheelbarrow
18:01 Gold Mining
19:13 Scale Barding Armor
19:19 Forging
19:50 Husbandry
21:42 Bow Saw
21:59 Hand Cart
24:47 Iron Casting
24:33 Chain Barding Armor
27:49 Town Watch
37:50 Gold Shaft Mining
37:06 Stone Mining
44:43 Imperial Age
41:59 Loom
45:01 Cavalier
46:36 Plate Barding Armor
47:02 Blast Furnace
47:57 Paladin
48:29 Capped Ram
Jugador08479147
5:36 Double-Bit Axe
13:42 Feudal Age
12:15 Horse Collar
14:11 Wheelbarrow
15:21 Bow Saw
18:56 Loom
21:38 Gold Mining
21:43 Stone Mining
25:38 Castle Age
24:17 Stone Shaft Mining
24:21 Gold Shaft Mining
25:48 Light Cavalry
28:19 Cavalier
29:28 Hand Cart
35:44 Two-Man Saw
39:45 Scale Barding Armor
42:58 Imperial Age
44:44 Chemistry
43:37 Paladin
47:40 Conscription
Cyrusthegreat
12:41 Feudal Age
13:59 Wheelbarrow
13:11 Horse Collar
13:19 Double-Bit Axe
16:23 Stone Mining
19:01 Fletching
21:09 Padded Archer Armor
24:19 Castle Age
25:20 Hand Cart
25:22 Scale Barding Armor
29:40 Bow Saw
34:26 Gold Mining
35:03 Husbandry
35:28 Chain Barding Armor
35:19 Forging
37:07 Leather Archer Armor
36:20 Elite Skirmisher
43:18 Imperial Age
42:31 Man-at-Arms
43:59 Iron Casting
44:39 Conscription
43:41 Elite Camel Archer
45:07 Plate Barding Armor
45:52 Cavalier
47:48 Crossbowman
jadall
16:02 Feudal Age
16:30 Horse Collar
16:41 Double-Bit Axe
21:33 Wheelbarrow
22:01 Gold Mining
22:31 Arson
EXCELSIOR!
0:59 Loom
11:12 Feudal Age
13:24 Double-Bit Axe
17:18 Wheelbarrow
17:47 Stone Mining
20:39 Castle Age
25:23 Murder Holes
Ilikegame
0:32 Loom
11:57 Feudal Age
13:21 Double-Bit Axe
17:06 Castle Age
18:34 Stone Mining
19:00 Bow Saw
26:36 Wheelbarrow
28:10 Hand Cart
28:39 Forging
28:24 Pikeman
34:35 Imperial Age
32:12 Scale Barding Armor
34:45 Husbandry
36:18 Iron Casting
36:03 Chain Barding Armor
35:56 Cavalier
37:10 Squires
37:37 Gold Mining
37:16 Light Cavalry
39:01 Halberdier
40:09 Paladin
Connection lost

Rejoining the realm…

Still unreachable

The connection could not be restored.

Session expired

The server has moved on; the page needs a fresh start.